 Dungeon Crawl Stone Soup version 0.30-a0-779-g7971cf19c3 (webtiles) character file.

Game seed: 6956654477331659734

382 magipi the Slasher (level 6, -2/4 (51) HPs)
             Began as a Gnoll Reaver on Feb 17, 2023.
             Slain by a lemure (6 damage)
             ... led by Pikel
             ... on level 4 of the Dungeon.
             The game lasted 00:09:01 (2344 turns).

magipi the Slasher (Gnoll Reaver)                   Turns: 2344, Time: 00:09:01

HP:   -2/4 (51)     AC:  5    Str: 12    XL:     6   Next: 76%
MP:   14/14         EV: 12    Int: 20    God:
Gold: 207           SH:  0    Dex: 10    Spells: 12/15 levels left

rFire   . . .      SeeInvis .    a - +0 long sword
rCold   . . .      Faith    .    (no shield)
rNeg    . . .      Spirit   .    b - +0 leather armour
rPois   .          Reflect  .    (no helmet)
rElec   .          Harm     .    (no cloak)
rCorr   .          Rampage  .    m - +0 pair of gloves
Will    .....                    v - +0 pair of boots
Stlth   ++                       (no amulet)
HPRegen 0.20/turn                t - +6 ring of intelligence
MPRegen 0.14/turn                (no ring)

@: extremely drained
A: fangs 1, strong nose, distributed training
a: no special abilities


You were on level 4 of the Dungeon.
You visited 1 branch of the dungeon, and saw 4 of its levels.

You collected 207 gold pieces.

Inventory:

Hand Weapons
 a - a +0 long sword (weapon)
   (You found it on level 2 of the Dungeon)
Missiles
 l - 3 throwing nets
Armour
 b - a +0 leather armour (worn)
 m - a +0 pair of gloves (worn)
   (You found it on level 2 of the Dungeon)
 v - a +0 pair of boots (worn)
   (You found it on level 3 of the Dungeon)
Jewellery
 t - a +6 ring of intelligence (left hand)
   (You found it on level 3 of the Dungeon)
Scrolls
 c - 2 scrolls of blinking {unknown}
 e - 4 scrolls of identify {unknown}
 f - 2 scrolls of teleportation {unknown}
 h - a scroll of fear {unknown}
 i - a scroll of fog {unknown}
 k - a scroll of noise {unknown}
 n - a scroll of vulnerability {unknown}
 o - 2 scrolls of magic mapping {unknown}
 p - a scroll of silence {unknown}
 q - a scroll of immolation {unknown}
 s - a scroll of enchant armour {unknown}
Potions
 d - 2 potions of brilliance {unknown}
 g - 4 potions of curing {unknown}
 j - a potion of resistance {unknown}
 r - a potion of heal wounds {unknown}
 u - a potion of might {unknown}
 w - a potion of invisibility {unknown}


   Skills:
 + Level 5.1 Fighting
 + Level 2.2 Short Blades
 + Level 6.9 Long Blades
 + Level 2.2 Axes
 + Level 2.2 Maces & Flails
 + Level 2.2 Polearms
 + Level 2.2 Staves
 + Level 2.2 Ranged Weapons
 + Level 2.2 Throwing
 + Level 2.2 Armour
 + Level 5.1 Dodging
 + Level 2.2 Stealth
 + Level 2.2 Shields
 + Level 2.2 Unarmed Combat
 + Level 5.4 Spellcasting
 + Level 5.7 Conjurations
 + Level 1.7 Hexes
 + Level 1.7 Summonings
 + Level 1.7 Necromancy
 + Level 1.7 Translocations
 + Level 1.7 Transmutations
 + Level 1.7 Fire Magic
 + Level 1.7 Ice Magic
 + Level 1.7 Air Magic
 + Level 1.7 Earth Magic
 + Level 1.7 Poison Magic
 + Level 2.4 Invocations
 + Level 2.2 Evocations


You had 12 spell levels left.
You knew the following spells:

 Your Spells              Type           Power      Damage    Failure   Level
a - Kiss of Death         Conj/Necr      80%        2d11      3%          1
b - Momentum Strike       Conj/Tloc      40%        3d9       4%          2

Your spell library contained the following spells:

 Spells                   Type           Power      Damage    Failure   Level
 Hailstorm                Conj/Ice       20%        3d6       9%          3


Dungeon Overview and Level Annotations

Branches:
Dungeon (4/15)
 Temple: D:4-7

Altars:
Gozag

Annotations:
D:4 Grinder, Pikel


Innate Abilities, Weirdness & Mutations

You have very sharp teeth.
Your uncanny sense of smell can sniff out nearby items.
Your experience applies equally to all skills.


Message History

The iguana hisses menacingly.
You see here a scorpion corpse.
There is a stone staircase leading up here.
The howler monkey hoots and howls with incredible vigour!
You hear a shout! x5
You hit the howler monkey. Your bite misses the howler monkey.
The howler monkey is lightly wounded.
The howler monkey hits you.
You completely miss the howler monkey. Your punch misses the howler monkey.
The howler monkey is lightly wounded.
The howler monkey hits you but does no damage.
Casting: Kiss of Death (safe; 3% risk of failure)
Confirm with . or Enter, or press ? or * to list all spells.
Aiming: Kiss of Death (safe; 3% risk of failure)
Press: ? - help, Shift-Dir - straight line, f - howler monkey
Aim: a howler monkey (lightly wounded, catching its breath, 100% to hit)
The negative energy hits the howler monkey!
The howler monkey is drained!
The howler monkey is severely wounded.
You feel drained. The howler monkey closely misses you.
Unknown command.
Casting: Kiss of Death (safe; 3% risk of failure)
Confirm with . or Enter, or press ? or * to list all spells.
Aiming: Kiss of Death (safe; 3% risk of failure)
Press: ? - help, Shift-Dir - straight line, f/p - howler monkey
Aim: a howler monkey (severely wounded, heavily drained, 100% to hit)
The negative energy hits the howler monkey!!
The howler monkey is drained!
You kill the howler monkey!
You feel drained.
Casting: Kiss of Death (safe; 3% risk of failure)
Confirm with . or Enter, or press ? or * to list all spells.
Aiming: Kiss of Death (safe; 3% risk of failure)
Press: ? - help, Shift-Dir - straight line, f - iguana
Aim: an iguana (100% to hit)
The negative energy hits the iguana!
The iguana is drained!
You kill the iguana!
You feel drained.
Unknown command.
You start resting.
HP restored.
Things that are here:
an iguana corpse; a howler monkey corpse; a scorpion corpse A kobold comes into view.
It is wielding a +0 club.
A lemure comes into view.
The kobold shouts!
You hear a bark!
You hear a shout!
A hound comes into view.
Pikel, Merchant of Souls comes into view.
He is wielding a +0 whip of flaming.
Things that are here:
an iguana corpse; a howler monkey corpse; a scorpion corpse
There is a stone staircase leading up here.
You climb upwards.
There is a stone staircase leading down here.
There is a stone staircase leading down here.
You climb downwards.
Level annotation: Pikel
There is a stone staircase leading up here.
A ball python comes into view.
You hit the ball python.
You kill the ball python!
You see here a ball python corpse.
A ball python comes into view.
Found a metallic purple potion.
w - a metallic purple potion The ball python hisses angrily.
You hit the ball python.
You kill the ball python!
You see here a ball python corpse.
A goblin comes into view. It is wielding a +0 club.
The goblin shouts!
The goblin completely misses you.
You slash the goblin!
You kill the goblin!
Things that are here:
a +0 club; a goblin corpse
Found a ring mail.
You see here a +0 ring mail.
You see here a ball python corpse.
Found a stone staircase leading down.
You open the door.
There is an open door here.
There is an open door here.
Grinder comes into view.
Grinder shouts!
You hear a shout! x2
An orc priest comes into view. It is wielding a +0 dagger.
Found an escape hatch in the floor. 2 lemures come into view.
The lemure shouts!
You hear a shout!
The lemure moves out of view.
A lemure comes into view.
Found 4 gold pieces.
The lemure shouts!
Grinder gestures at you. You resist with significant effort.
An endoplasm comes into view.
Found a gold piece.
The lemure shouts!
The orc priest shouts!
You hear a shout!
The lemure hits you but does no damage. The lemure hits you.
Ouch! That really hurt!
You die...

### ....##.# ####### ∆
..∆..#$$$.#### #.....# .
5.#$_$....# #.....#
...#$J$....####.....#
#'##..5....'..#.....#
##########.##..K5...##.#.....##
...............5...<...........
#######.##...5@.##.Kh....#+####
#.#####.#.###.#..K...#
####.5....o#.# # #.##.###
#....###.#.#.# #)##.#
#....'.......# ∆ #)##h#
#....###.#.### #)##<# #....#
#>#.###o....####
#....###....(.o(####
#..............


You could see Pikel, 4 lemures, an orc priest and an endoplasm.

Vanquished Creatures
  A scorpion (D:4)
  A howler monkey (D:4)
  A hound (D:4)
  A jelly (D:4)
  An iguana (D:4)
  Natasha (thrice) (D:2)
  2 adders
  3 gnolls
  2 orcs (D:4)
  10 ball pythons
  3 bats
  4 endoplasms (D:2)
  2 giant cockroaches
  11 goblins
  9 hobgoblins
  3 jackals (D:1)
  6 kobolds
  3 quokkas
  3 frilled lizards
  11 rats
80 creatures vanquished.

Notes
Turn   | Place    | Note
-------+----------+-------------------------------------------
     0 | D:1      | magipi the Gnoll Reaver began the quest for the Orb.
     0 | D:1      | Reached XP level 1. HP: 20/20 MP: 6/6
   133 | D:1      | Reached XP level 2. HP: 26/26 MP: 7/7
   369 | D:1      | Reached skill level 5 in Spellcasting
   369 | D:1      | Reached XP level 3. HP: 27/29 MP: 6/9
   375 | D:1      | Learned a level 2 spell: Momentum Strike
   595 | D:2      | Reached skill level 1 in Invocations
   656 | D:2      | Reached skill level 1 in Short Blades
   656 | D:2      | Reached skill level 1 in Axes
   656 | D:2      | Reached skill level 1 in Maces & Flails
   656 | D:2      | Reached skill level 1 in Polearms
   656 | D:2      | Reached skill level 1 in Staves
   656 | D:2      | Reached skill level 1 in Ranged Weapons
   656 | D:2      | Reached skill level 1 in Throwing
   656 | D:2      | Reached skill level 1 in Armour
   656 | D:2      | Reached skill level 1 in Stealth
   656 | D:2      | Reached skill level 1 in Shields
   656 | D:2      | Reached skill level 1 in Unarmed Combat
   656 | D:2      | Reached skill level 1 in Evocations
   737 | D:2      | Noticed Natasha
   751 | D:2      | Killed Natasha
   752 | D:2      | Reached skill level 1 in Hexes
   752 | D:2      | Reached skill level 1 in Summonings
   752 | D:2      | Reached skill level 1 in Necromancy
   752 | D:2      | Reached skill level 1 in Translocations
   752 | D:2      | Reached skill level 1 in Transmutations
   752 | D:2      | Reached skill level 1 in Fire Magic
   752 | D:2      | Reached skill level 1 in Ice Magic
   752 | D:2      | Reached skill level 1 in Air Magic
   752 | D:2      | Reached skill level 1 in Earth Magic
   752 | D:2      | Reached skill level 1 in Poison Magic
   752 | D:2      | Reached XP level 4. HP: 21/34 MP: 11/11
   824 | D:2      | Noticed Natasha
   831 | D:2      | Killed Natasha
  1010 | D:2      | Noticed Natasha
  1016 | D:2      | Killed Natasha
  1017 | D:2      | Reached XP level 5. HP: 24/30 MP: 10/12
  1935 | D:4      | Reached XP level 6. HP: 15/27 MP: 11/14
  1999 | D:4      | Found an opulent altar of Gozag.
  2035 | D:3      | Reached skill level 5 in Fighting
  2035 | D:3      | Reached skill level 5 in Dodging
  2141 | D:4      | Noticed Pikel
  2334 | D:4      | Noticed Grinder
  2344 | D:4      | Slain by a lemure

Illustrated notes

Levels and vault maps discovered:
D:1:      lightli_arrival_boilingwater, layout_loops_ring, minmay_pentomino_t2
D:2:      layout_basic, minmay_misc_feat_secret_circle, minmay_between,
          uniq_natasha
D:3:      layout_loops_cross, minmay_bisected
D:4:      layout_basic, nicolae_gozag_seed_capital, gammafunk_ghost_arena,
          uniq_pikel, uniq_grinder, uniq_crazy_yiuf_cottage

Skill      XL: |  1  2  3  4  5  6 |
---------------+-------------------+-----
Spellcasting   | 5 |  5.4
Invocations    | 1 2 |  2.4
Short Blades   | 1 2 |  2.2
Axes           | 1 2 |  2.2
Maces & Flails | 1 2 |  2.2
Polearms       | 1 2 |  2.2
Staves         | 1 2 |  2.2
Ranged Weapons | 1 2 |  2.2
Throwing       | 1 2 |  2.2
Armour         | 1 2 |  2.2
Stealth        | 1 2 |  2.2
Shields        | 1 2 |  2.2
Unarmed Combat | 1 2 |  2.2
Evocations     | 1 2 |  2.2
Hexes          | 1 |  1.7
Summonings     | 1 |  1.7
Necromancy     | 1 |  1.7
Translocations | 1 |  1.7
Transmutations | 1 |  1.7
Fire Magic     | 1 |  1.7
Ice Magic      | 1 |  1.7
Air Magic      | 1 |  1.7
Earth Magic    | 1 |  1.7
Poison Magic   | 1 |  1.7
Fighting       | 5 |  5.1
Dodging        | 5 |  5.1
Long Blades    | |  6.9
Conjurations   | |  5.7

Action                     |  1- 3 |  4- 6 || total
---------------------------+-------+-------++-------
  Melee: Falchion          |    69 |       ||    69
         Bite              |    11 |    10 ||    21
         Long sword        |     7 |   106 ||   113
   Cast: Kiss of Death     |     2 |    13 ||    15
   Stab: Sleeping          |     2 |     1 ||     3
 Armour: Leather armour    |    10 |    30 ||    40
  Dodge: Dodged            |    37 |    71 ||   108

Table legend: (Time is in decaauts)
 A = Elapsed time spent in this place.
 B = Non-inter-level travel time spent in this place.
 C = Inter-level travel time spent in this place.
 D = Time resting spent in this place.
 E = Time spent auto-exploring this place.
 F = Levels seen in this place.
 G = Mean time per level.
                   A        B        C        D        E       F      G
               +--------+--------+--------+--------+--------+-----+--------+
         Total |   2358 |   2282 |     76 |    239 |    823 |   4 |  589.5 |
       Dungeon |   2358 |   2282 |     76 |    239 |    823 |   4 |  589.5 |
               +--------+--------+--------+--------+--------+-----+--------+

Top non-repeatable levels by time:
     D:2: 759 daAuts
     D:3: 657 daAuts
     D:1: 606 daAuts
     D:4: 334 daAuts
